Shoc, chaotic male elven Priest ------- ------------ --------------- ---------- |......#####|..........|#########-.............| |........|## |.....| #-..........|# |.............| |........| # #......| |..........|# ##.........>....| |.........#### #|.....| |..........|# # --------|----.- -.-----.--# # #------- -------.----# ### # # # ## # ############################# # # # # # # # # ###### # # # # # ---|-- # # # # # |....| ### ########## # # # |....| #-------# # # # # |....| #|<....|# ### # # # |....+`######......|##########`#######%# # # |....| |.....|` ##`---.-|--------# -------f------ ------ ------- .............|# |......@?....| |............-# |???m@..??.??| -------------- -------------- Shoc the Aspirant Experience level: 2 Strength: 12 Dexterity: 12 Constitution: 13 Intelligence: 10 Wisdom: 20 Charisma: 10 Health: 0(22) Energy: 37(37) Def: 3 Gold: 73 Moves: 813 Dungeon seed: XKner52LSvNBRbs0 Game ID: Shoc_1614267480 Your Inventory: Coins $ - 73 gold pieces Weapons a - a blessed +1 mace (weapon in hand) j - 8 +0 darts Armor e - a blessed +0 robe (being worn) n - a +0 small shield (being worn) Comestibles d - a sprig of wolfsbane Scrolls l - a scroll of identify Spellbooks f - a spellbook of detect unseen g - a spellbook of cure blindness Potions b - 4 potions of holy water k - a potion of speed Rings i - a ring of free action Tools h - a bell Spells and supernatural/magical abilities: Name Level Category Fail Memory B - cure blindness 2 healing 18% 96% U - detect unseen 3 divination 64% 96% W - pray for help -- divine ? -- X - turn undead -- divine ? -- Your skills at the end: Fighting Skills Weapon Skills mace [Basic] Spellcasting Skills clerical spells [Basic] Final Attributes: You were piously aligned. You had infravision. You were held by a large mimic. You are dead. Vanquished creatures: 3 jackals a kobold 2 grid bugs 3 lichens a kobold zombie 4 newts 14 creatures vanquished. Voluntary challenges: You were an atheist. You used a wielded weapon 17 times, starting on turn 79. You were illiterate. You never genocided any monsters. You never polymorphed an object. You never changed form. You used no wishes. You never split a pudding. You never wrote Elbereth's name. You never violated your personal moral code. Dungeon overview: The Dungeons of Doom: levels 1 to 2 Level 1 a long staircase Level 2 <- You were here a scroll shop History has recorded: On T:1 you entered the Dungeons of Doom to retrieve the Amulet of Yendor! On T:230 you reached level 2 of The Dungeons of Doom. On T:584 you advanced to experience level 2. Score breakdown: Gold: 73 ( 6358 points) Experience: 2 levels ( 5570 points) Exploration: 2 levels ( 4.00%) ( 4285 points) Discoveries: 1 item ( 0.35%) ( 1770 points) Valuables value: (no points given unless you survive) Artifact value: 0 ( 0 points) Variety of kills: 6 monsters ( 1.57%) ( 3764 points) Turncount: 813 turns ( 0 points) Survival: died (score multiplied by 80%) Total score: 17397 Latest messages: Qwerty picks up a scroll labeled ZELGO MER. You stop. Qwerty is in the way! Qwerty drops a scroll labeled ZELGO MER. There are a few objects here. You see here a cursed scroll labeled ZELGO MER (106 zorkmids). Qwerty picks up a scroll labeled JUYED AWK YACC. You see here a scroll labeled GARVEN DEH (133 zorkmids). Qwerty drops a scroll labeled JUYED AWK YACC. You see here a scroll of identify (26 zorkmids). "For you, most gracious sir; only 26 for this scroll of identify." l - a scroll of identify (unpaid, 26 zorkmids). You bought a scroll of identify for 26 gold pieces. "Thank you for shopping in Nenagh's second-hand bookstore!" You see here a scroll labeled JUYED AWK YACC (177 zorkmids). Wait! That's a large mimic! The large mimic hits! You miss the large mimic. (2x) You hit the large mimic! You miss the large mimic. The large mimic hits! You hit the large mimic! You miss the large mimic. (3x) The large mimic hits! You die... Nenagh gratefully inherits all your possessions. Final status: Goodbye Shoc the Priest, killed by a large mimic... You died in The Dungeons of Doom on dungeon level 2 with 17397 points, and 73 pieces of gold, after 813 moves. You were level 2 with a maximum of 22 hit points when you died.